 Dungeon Crawl Stone Soup version 0.29-a0-1052-g6990b1bffc (webtiles) character file.

Game seed: 143790907368033608

74 mathmaestro the Grave Robber (level 4, -7/32 HPs)
             Began as a Demonspawn Necromancer on Aug 17, 2022.
             Mangled by an ogre
             ... wielding a +0 giant spiked club
              (25 damage)
             ... on level 4 of the Dungeon.
             The game lasted 00:05:03 (3437 turns).

mathmaestro the Grave Robber (DsNe)                 Turns: 3437, Time: 00:05:04

Health: -7/32      AC:  6    Str: 11    XL:     4   Next: 10%
Magic:  7/7        EV: 11    Int: 19    God:
Gold:   161        SH:  0    Dex:  9    Spells: 0/8 levels left

rFire   . . .      SeeInvis .   h - +1 flail (protect)
rCold   + + .      Faith    .   (no shield)
rNeg    . . .      Spirit   .   c - +0 leather armour
rPois   .          Reflect  .   k - +1 helmet of the Dragon {rC++ Str+3 Dex-4}
rElec   .          Harm     .   f - +0 cloak
rCorr   .          Rampage  .   (no gloves)
Will    .....                   (no boots)
Stlth   +.........              (no amulet)
HPRegen 0.10/turn               p - ring of wizardry
MPRegen 0.10/turn               (no ring)

@: no status effects
A: claws 2
a: no special abilities


You were on level 4 of the Dungeon.
You visited 1 branch of the dungeon, and saw 4 of its levels.

You collected 161 gold pieces.

Inventory:

Hand Weapons
 h - a +1 flail of protection (weapon)
 q - a +0 hand axe
Armour
 c - a +0 leather armour (worn)
 f - a +0 cloak (worn)
 k - the +1 helmet of the Dragon (worn) {rC++ Str+3 Dex-4}
   (You found it on level 2 of the Dungeon)

   Str:       It affects your strength (+3).
   Dex:       It affects your dexterity (-4).
   rC:        It greatly protects you from cold.
Jewellery
 p - a ring of wizardry (left claw)
Wands
 n - a wand of polymorph (9)
Scrolls
 a - a scroll of blinking {unknown}
 e - 2 scrolls of noise {unknown}
 i - a scroll of fear {unknown}
 j - a scroll of identify {unknown}
Potions
 b - a potion of magic
 g - a potion of curing {unknown}
 l - a potion of brilliance {unknown}
 m - a potion of degeneration {unknown}
 o - a potion of berserk rage {unknown}


   Skills:
 + Level 1.6 Fighting
 + Level 1.1 Armour
 - Level 2.0 Dodging
 - Level 2.0 Stealth
 + Level 2.6 Spellcasting
 + Level 4.8 Necromancy
 + Level 0.4 Evocations


You couldn't memorise any spells.
You knew the following spells:

 Your Spells              Type           Power      Damage    Failure   Level
a - Necrotise             Necr           80%        1d8       1%          1
b - Vampiric Draining     Necr           20%        2d7       3%          3
c - Animate Dead          Necr           20%        N/A       12%         4

Your spell library contained the following spells:

 Spells                   Type           Power      Damage    Failure   Level
 Sting                    Tmut/Pois      8%         1d3       9%          1
 Summon Small Mammal      Summ           8%         N/A       9%          1
 Poisonous Vapours        Pois/Air       4%         N/A       13%         2
 Call Canine Familiar     Summ           2%         N/A       26%         3
 Summon Guardian Golem    Hex/Summ       2%         N/A       26%         3
 Agony                    Necr           20%        N/A       32%         5
 Olgreb's Toxic Radiance  Pois           2%         N/A       61%         4


Dungeon Overview and Level Annotations

Branches:
Dungeon (4/15)
 Temple: D:4-7

Altars:
Hepliaklqana
Qazlal

Shops:
D:1 [

Annotations:
D:4 Pikel


Innate Abilities, Weirdness & Mutations

You have very sharp fingernails.


Message History

The centaur writhes in agony!
Casting: Necrotise (safe; 1% risk of failure)
Confirm with . or Enter, or press ? or * to list all spells.
Aiming: Necrotise (safe; 1% risk of failure)
Press: ? - help, Shift-Dir - straight line, f/p - centaur
Aim: a centaur, wielding a +0 shortbow (moderately wounded, chance to affect: 78%)
The centaur barely resists.
The centaur shoots an arrow.
The arrow hits you!
* * * LOW HITPOINT WARNING * * *
Casting: Necrotise (safe; 1% risk of failure)
Confirm with . or Enter, or press ? or * to list all spells.
Aiming: Necrotise (safe; 1% risk of failure)
Press: ? - help, Shift-Dir - straight line, f/p - centaur
Aim: a centaur, wielding a +0 shortbow (moderately wounded, chance to affect: 78%)
The centaur barely resists.
The centaur shoots an arrow.
The arrow hits you!
* * * LOW HITPOINT WARNING * * *
It was a potion of flight.
You feel very buoyant.
You fly up into the air.
The centaur shoots an arrow.
The arrow closely misses you.
The centaur shoots an arrow.
The arrow barely misses you.
The centaur shoots an arrow.
The arrow hits you.
* * * LOW HITPOINT WARNING * * *
You fly upwards.
There is a stone staircase leading down here.
You start resting.
Magic restored.
You start resting.
You are starting to lose your buoyancy.
You start resting.
You float gracefully downwards.
You start resting.
HP restored.
You climb downwards.
Level annotation: Pikel The ogre hits you with a +0 giant spiked club!
There is a stone staircase leading up, spattered with blood here.
Unknown command.
The ogre hits you with a +0 giant spiked club!!
Ouch! That really hurt!
You die...

########
##......##
##?...O...##
#....@.....#
#..........#
#..........#
#..........#
#..........#
##........##
##........#
#..........
#...(.?...


You could see an ogre.

Vanquished Creatures
  2 adders
  A worm (D:2)
  3 dart slugs
  3 orcs (D:4)
  5 bats
  5 endoplasms
  2 giant cockroaches
  6 goblins
  3 hobgoblins (D:1)
  A quokka (D:3)
  4 ball pythons
  A frilled lizard (D:2)
  2 kobolds (D:1)
  2 rats (D:1)
40 creatures vanquished.

Vanquished Creatures (collateral kills)
  An endoplasm (D:1)
1 creature vanquished.

Grand Total: 41 creatures vanquished

Notes
Turn   | Place    | Note
-------+----------+-------------------------------------------
     0 | D:1      | mathmaestro the Demonspawn Necromancer began the quest for
                  | the Orb.
     0 | D:1      | Reached XP level 1. HP: 13/13 MP: 3/3
   622 | D:1      | Gained mutation: You have sharp fingernails. [demonic
                  | ancestry]
   622 | D:1      | Reached XP level 2. HP: 20/20 MP: 3/5
   972 | D:1      | Found Omyad's Antique Armour Emporium.
  1152 | D:1      | Reached skill level 1 in Fighting
  1227 | D:1      | Found a faded altar of an unknown god.
  1390 | D:2      | Identified the +1 helmet of the Dragon {rC++ Str+3 Dex-4}
  1563 | D:2      | Gained mutation: You have very sharp fingernails. [demonic
                  | ancestry]
  1563 | D:2      | Reached XP level 3. HP: 26/26 MP: 6/6
  1567 | D:2      | Learned a level 3 spell: Vampiric Draining
  2256 | D:3      | Found a stormy altar of Qazlal.
  2257 | D:3      | Noticed an air elemental
  2260 | D:3      | Noticed an earth elemental
  2260 | D:3      | Noticed a fire elemental
  2260 | D:3      | Noticed a water elemental
  2328 | D:3      | Found a hazy altar of Hepliaklqana.
  2555 | D:3      | Reached skill level 1 in Armour
  2758 | D:3      | Reached XP level 4. HP: 32/32 MP: 7/7
  2763 | D:3      | Learned a level 4 spell: Animate Dead
  3023 | D:4      | Noticed a lemure
  3024 | D:4      | Noticed Pikel
  3068 | D:4      | Noticed a centaur
  3068 | D:4      | Noticed an ogre
  3130 | D:4      | HP: 1/32 [centaur/arrow (1)]
  3437 | D:4      | Mangled by an ogre

Illustrated notes

Levels and vault maps discovered:
D:1:      onia_arrival_pyramid, layout_loops_corners,
          dreamdust_ecumenical_altar_hidden_monk_grotto, serial_shops, shop,
          nrook_mini_backslash
D:2:      layout_basic, patterned_corridor
D:3:      layout_loops_ring, nicolae_qazlal_style_of_elements,
          mainiacjoe_overflow_chevrons, kennysheep_small_spiral,
          eino_tiny_chamber
D:4:      layout_rooms, xom_confusion_cloud, kennysheep_flooded_box, uniq_pikel,
          uniq_crazy_yiuf_cottage

Skill      XL: |  1  2  3 |
---------------+----------+-----
Stealth        | 2 |  2.0
Dodging        | 2 |  2.0
Fighting       | 1 |  1.6
Armour         | 1 |  1.1
Spellcasting   | |  2.6
Necromancy     | |  4.8
Evocations     | |  0.4

Action                   |  1- 3 |  4- 6 || total
-------------------------+-------+-------++-------
Melee: Dagger            |     5 |       ||     5
       Flail             |    48 |       ||    48
       Punch             |     2 |       ||     2
 Cast: Necrotise         |    46 |    10 ||    56
  Use: Potion            |       |     1 ||     1
 Stab: Sleeping          |     1 |       ||     1
Armor: Leather armour    |    35 |     2 ||    37
Dodge: Dodged            |    42 |     3 ||    45

Table legend: (Time is in decaauts)
 A = Elapsed time spent in this place.
 B = Non-inter-level travel time spent in this place.
 C = Inter-level travel time spent in this place.
 D = Time resting spent in this place.
 E = Time spent auto-exploring this place.
 F = Levels seen in this place.
 G = Mean time per level.
                   A        B        C        D        E       F      G
               +--------+--------+--------+--------+--------+-----+--------+
         Total |   3455 |   3280 |    175 |    607 |   2169 |   4 |  863.8 |
       Dungeon |   3455 |   3280 |    175 |    607 |   2169 |   4 |  863.8 |
               +--------+--------+--------+--------+--------+-----+--------+

Top non-repeatable levels by time:
     D:1: 1355 daAuts
     D:3: 1246 daAuts
     D:2: 822 daAuts
     D:4: 30 daAuts
